 Dungeon Crawl Stone Soup version 0.31-b1-17-gcfd88c8481 (webtiles) character file.

Game seed: 12727261822184892096

45 jondo1214 the Grave Robber (level 3, -2/25 HPs)
             Began as a Demonspawn Necromancer on Jan 15, 2024.
             Slain by a gnoll
             ... wielding a +0 halberd
              (4 damage)
             ... on level 3 of the Dungeon.
             The game lasted 00:07:42 (1701 turns).

jondo1214 the Grave Robber (Demonspawn Necromancer) Turns: 1701, Time: 00:07:42

Health: -2/25      AC:  4    Str: 10    XL:     3   Next: 42%
Magic:  5/6        EV: 12    Int: 15    God:
Gold:   31         SH:  0    Dex: 13    Spells: 2/6 levels left

rFire   . . .        i - +0 rapier
rCold   . . .        (no shield)
rNeg    . . .        a - +0 robe
rPois   .            (no helmet)
rElec   .            (no cloak)
rCorr   .            e - +0 pair of gloves
SInv    .            k - +0 pair of boots
Will    .....        (no amulet)
Stlth   ++           (no ring)
HPRegen 0.24/turn    (no ring)
MPRegen 0.10/turn

%: no passive effects
@: mighty, brilliant
A: powered by pain 1
a: no special abilities


You were on level 3 of the Dungeon.
You visited 1 branch of the dungeon, and saw 3 of its levels.

You collected 109 gold pieces.
You spent 78 gold pieces at shops.

Inventory:

Hand Weapons
 d - a +0 short sword
 i - a +0 rapier (weapon)
Armour
 a - a +0 robe (worn)
 e - a +0 pair of gloves (worn)
 j - a +0 leather armour
 k - a +0 pair of boots (worn)
Scrolls
 g - a scroll of identify {unknown}
 h - a scroll of vulnerability {unknown}
 l - a scroll of noise {unknown}
Potions
 b - a potion of magic
 c - a potion of brilliance
 f - 2 potions of heal wounds {unknown}
 m - 2 potions of ambrosia {unknown}


   Skills:
 * Level 0.4 Fighting
 + Level 0.5 Short Blades
 * Level 2.0 Dodging
 * Level 2.3 Stealth
 * Level 2.2 Spellcasting
 * Level 4.9 Necromancy


You had 2 spell levels left.
You knew the following spells:

 Your Spells              Type           Power      Damage    Failure   Level
a - Necrotise             Necr           96%        1d8       2%          1
b - Vampiric Draining     Necr           24%        2d7       9%          3

Your spell library contained the following spells:

 Spells                   Type           Power      Damage    Failure   Level
 Blink                    Tloc           4%         N/A       32%         2
 Lesser Beckoning         Tloc           4%         N/A       32%         2
 Momentum Strike          Conj/Tloc      4%         3d8       32%         2
 Fugue of the Fallen      Necr           24%        N/A       9%          3
 Animate Dead             Necr           24%        N/A       28%         4
 Ozocubu's Armour         Ice            2%         N/A       54%         3
 Curse of Agony           Necr           24%        N/A       61%         5
 Manifold Assault         Tloc           2%         N/A       91%         4


Dungeon Overview and Level Annotations

Branches:
Dungeon (3/15)

Altars:

Shops:
D:1 [:   D:2 [


Innate Abilities, Weirdness & Mutations

You sometimes gain a little power by taking damage.


Message History

The goblin hits you but does no damage.
The ball python moves out of view.
You puncture the goblin!
You kill the goblin! 2 gnolls come into view.
You see here a +0 club.
There are monsters nearby!
You hit the gnoll.
The gnoll is lightly wounded.
The gnoll hits you with a +0 whip.
You hit the gnoll. Your punch misses the gnoll.
The gnoll is moderately wounded.
The gnoll barely misses you. The gnoll closely misses you.
You hit the gnoll.
The gnoll is severely wounded.
The gnoll misses you. The gnoll closely misses you.
You puncture the gnoll!
You kill the gnoll!
The gnoll hits you from afar with a +0 halberd!
Ouch! That really hurt!
* * * LOW HITPOINT WARNING * * *
You focus on the pain.
You feel very mighty all of a sudden. The gnoll closely misses you.
You see here 9 stones.
A gnoll comes into view. It is wielding a +0 halberd.
The gnoll attacks as it pursues you! The gnoll closely misses you.
Casting: Necrotise (safe; 2% risk of failure)
Confirm with . or Enter, or press ? or * to list all spells.
Aiming: Necrotise (safe; 2% risk of failure)
Press: ? - help, Shift-Dir - straight line, f - gnoll
Aim: a gnoll, wielding a +0 halberd (chance to affect: 80%)
The gnoll writhes in agony.
The gnoll shouts!
The gnoll hits you from afar with a +0 halberd.
* * * LOW HITPOINT WARNING * * *
It was a potion of brilliance.
You feel clever all of a sudden. The gnoll barely misses you.
The gnoll hits you from afar with a +0 halberd.
You die...

#.#### ...# #....###
...# ......# ...#
#.#)#.######...###
#.#.#.#...........
#..()............. #
#gg.#.#...........
..#..#..#..####.#...#.#
........@..# #.#...#.#
###.###..### #.#...#.#
# #..# #.#...#.# #..#
#.#...#.### #..#
####........<.
...###.....#.#.###.
####.........#.###.
#.#######....... #..##
#.#.###.


You could see 2 gnolls.

Vanquished Creatures
  A gnoll (D:3)
  A dart slug (D:2)
  4 bats
  2 endoplasms
  2 giant cockroaches (D:1)
  4 goblins
  2 hobgoblins
  3 jackals (D:2)
  3 kobolds (D:1)
  2 quokkas
  3 ball pythons
  A frilled lizard (D:3)
  2 rats
30 creatures vanquished.

Notes
Turn   | Place    | Note
-------+----------+-------------------------------------------
     0 | D:1      | jondo1214 the Demonspawn Necromancer began the quest for
                  | the Orb.
     0 | D:1      | Reached XP level 1. HP: 13/13 MP: 3/3
    95 | D:1      | Found Afraj's Armour Shop.
   497 | D:1      | Gained mutation: You sometimes gain a little power by
                  | taking damage. [demonic ancestry]
   497 | D:1      | Reached XP level 2. HP: 14/19 MP: 5/5
   741 | D:1      | Found Duack's Vocational Training.
  1230 | D:2      | Reached XP level 3. HP: 22/25 MP: 6/6
  1383 | D:2      | Found Xowkobis's Armour Shoppe.
  1386 | D:2      | Bought a +0 leather armour for 24 gold pieces
  1386 | D:2      | Bought a +0 pair of boots for 54 gold pieces
  1523 | D:3      | Learned a level 3 spell: Vampiric Draining
  1697 | D:3      | HP: 1/25 [gnoll/+0 halberd (5)]
  1701 | D:3      | Slain by a gnoll

Illustrated notes

Levels and vault maps discovered:
D:1:      dpeg_arrival_chambers_temple_mockup, layout_rooms, serial_shops,
          nicolae_shop_tiny_glass, serial_forest, infiniplex_forest_lined_3,
          infiniplex_forest_clump_long, infiniplex_forest_corner_1,
          infiniplex_forest_clump_diagonal, infiniplex_forest_clump_small,
          nicolae_shop_vocational
D:2:      layout_rooms, serial_shops, shop, serial_bayou_pond_a
D:3:      layout_loops_cross, marbit_many_paths, uniq_terence, uniq_jessica

Skill      XL: |  1  2 |
---------------+-------+-----
Stealth        | 2 |  2.3
Dodging        | 2 |  2.0
Fighting       | |  0.4
Short Blades   | |  0.5
Spellcasting   | |  2.2
Necromancy     | |  4.9

Action                     || total
---------------------------++-------
  Melee: Short sword       ||   318
         Punch             ||    14
         Rapier            ||    39
   Cast: Necrotise         ||    13
    Use: Potion            ||     1
   Stab: Distracted        ||     2
         Sleeping          ||     4
 Armour: Robe              ||    51
         Leather armour    ||     2
  Dodge: Dodged            ||    67
